Map: Orbital Shipyard

Players

miike - Winner!

  • Race: Terran Terran
  • League: Master

BowmanSX

  • Race: Zerg Zerg
  • League: Master

VOD

https://youtu.be/yHDncP1UCcU

Description

Time

  • Played on: Jan. 4, 2016, 6:59 p.m.
  • Length: 10:25
Show
View Real Time Build Order
Export as new Build Order

miike Terran - Winner!

Build Orders: Reaper Expand, Hellion Banshee, MMM Bio 

Get SALT Encoding   

  12  0:00  SCV  
  13  0:12  SCV  
  14  0:17  Supply Depot  
  14  0:25  SCV  
  15  0:39  SCV  
  15  0:40  Barracks  
  16  0:44  Refinery  
  16  0:51  SCV  
  17  1:03  SCV  
  18  1:15  SCV  
  19  1:27  Orbital Command  
  19  1:28  Reaper  
  20  1:45  Command Center  
  20  1:53  SCV  
  21  1:55  Supply Depot  
  21  2:00  Marine  
  22  2:07  SCV  
  23  2:11  Factory  
  23  2:19  SCV  
  23  2:22  Barracks Reactor  
  24  2:32  SCV  
  25  2:44  SCV  
  26  2:56  SCV, Refinery, Orbital Command  
  27  3:00  Refinery, Starport  
  27  3:08  SCV, Hellion x2  
  32  3:17  Supply Depot  
  32  3:20  SCV, Barracks Tech Lab  
  32  3:23  SCV  
  34  3:30  Hellion  
  34  3:31  Hellion  
  34  3:32  SCV  
  39  3:35  SCV  
  40  3:44  SCV  
  40  3:47  SCV  
  42  3:50  Banshee  
  42  3:52  Hellion x2, Cloaking Field  
  49  3:57  Barracks Tech Lab  
  49  3:59  SCV  
  49  4:00  SCV  
  51  4:04  Supply Depot  
  51  4:09  Supply Depot  
  51  4:11  SCV  
  51  4:12  SCV  
  53  4:23  SCV  
  54  4:25  Widow Mine x2  
  54  4:26  SCV  
  54  4:30  Stimpack  
  59  4:33  Banshee  
  62  4:38  SCV  
  62  4:39  SCV  
  62  4:42  Marauder  
  66  4:49  Barracks  
  66  4:50  SCV  
  66  4:51  SCV  
  68  4:54  Widow Mine  
  68  4:55  Barracks  
  70  5:03  Supply Depot x2  
  70  5:18  SCV  
  70  5:24  Widow Mine  
  70  5:25  SCV  
  69  5:36  SCV  
  69  5:37  SCV  
  69  5:39  Refinery, Marine  
  69  5:41  Command Center  
  72  5:52  SCV x2, Hellion, Banshee  
  72  5:53  Hellion  
  72  5:54  Barracks Reactor  
  72  5:55  Barracks Reactor  
  72  5:57  Marine  
  78  6:04  SCV x2  
  80  6:24  SCV x2, Marine  
  83  6:26  Hellion  
  83  6:30  Engineering Bay  
  83  6:32  Engineering Bay  
  85  6:36  SCV  
  86  6:44  Marine  
  86  6:48  Hellion  
  86  6:50  Marine x2  
  86  6:52  Marine x2  
  88  7:01  Hellion  
  82  7:02  Marine  
  82  7:07  Marine x2  
  85  7:10  Terran Infantry Weapons Level 1, Terran Infantry Armor Level 1, Hellion, Barracks  
  85  7:12  Barracks  
  85  7:13  Starport Reactor  
  85  7:15  Barracks  
  87  7:20  Marine  
  87  7:22  Marine x2  
  90  7:25  Marine  
  90  7:26  Marine  
  92  7:30  Armory  
  92  7:31  Supply Depot  
  92  7:33  Supply Depot, SCV x2  
  94  7:37  Marine  
  94  7:38  Command Center  
  95  7:56  Marine  
  95  7:57  Marine x2  
  97  8:02  Marine x2  
  97  8:04  Barracks Reactor x2, Combat Shields  
  99  8:05  Concussive Shells  
  99  8:06  Marauder  
  99  8:07  Medivac x2  
  100  8:14  Marine x2  
  100  8:15  Marine  
  92  8:20  Marauder  
  92  8:21  Marine  
  88  8:27  Marine  
  88  8:32  Marine x3, Hellbat  
  88  8:33  Widow Mine  
  93  8:35  SCV x2  
  93  8:37  Orbital Command, Medivac x2  
  93  8:39  Marine  
  100  8:41  Marine  
  100  8:45  Marine  
  100  8:47  SCV  
  97  8:50  Marine x3  
  97  8:52  Widow Mine  
  102  8:57  Marine x2  
  102  8:58  Marine x3  
  102  9:00  Orbital Command, Marauder  
  106  9:03  Marauder  
  106  9:08  Marine x3  
  111  9:12  Supply Depot  
  111  9:14  Supply Depot  
  111  9:15  Marine  
  111  9:16  Supply Depot  
  112  9:17  Supply Depot, SCV x2  
  112  9:20  SCV  
  112  9:23  Widow Mine  
  112  9:24  Widow Mine  
  115  9:30  SCV x2  
  121  9:49  Marine x2  
  121  9:50  Marine x8  
  121  9:52  Widow Mine x2  
  131  9:53  Medivac x2  
  139  10:06  Refinery  
  139  10:07  Refinery, Marine x3  
  139  10:08  Barracks  
  139  10:09  Barracks  
  139  10:11  Starport  
  139  10:13  Factory  
Show
View Real Time Build Order
Export as new Build Order

BowmanSX Zerg 

Build Orders: Hatch First 

Get SALT Encoding   

  12  0:01  Drone  
  13  0:12  Overlord  
  13  0:19  Drone  
  14  0:31  Drone x2  
  14  0:35  Drone  
  17  0:53  Hatchery  
  17  0:56  Drone  
  17  1:00  Drone  
  18  1:11  Extractor  
  17  1:15  Spawning Pool  
  17  1:17  Drone  
  17  1:20  Drone  
  18  1:28  Drone  
  19  1:45  Overlord  
  19  1:55  Drone  
  20  2:01  Queen  
  20  2:03  Zergling x2  
  20  2:05  Queen  
  20  2:08  Drone  
  26  2:15  Metabolic Boost  
  26  2:19  Drone x2  
  28  2:37  Queen  
  28  2:41  Queen  
  32  2:51  Spine Crawler  
  30  2:52  Zergling x12  
  37  3:05  Hatchery  
  36  3:08  Overlord  
  36  3:18  Overlord  
  36  3:26  Drone x2  
  38  3:30  Drone  
  38  3:34  Drone x3, Extractor  
  41  3:40  Drone x2  
  41  3:41  Drone  
  44  3:55  Lair  
  44  3:58  Drone x2  
  44  4:00  Drone x4  
  50  4:03  Extractor  
  48  4:13  Evolution Chamber  
  48  4:16  Evolution Chamber  
  46  4:19  Drone x2  
  46  4:20  Extractor  
  46  4:21  Drone  
  46  4:23  Drone x2  
  50  4:35  Queen  
  50  4:36  Roach Warren  
  50  4:46  Zerg Ground Armor Level 1, Zerg Melee Weapons Level 1  
  50  4:50  Drone x2  
  50  4:52  Drone  
  53  4:57  Queen  
  55  5:04  Drone x2  
  57  5:24  Infestation Pit  
  54  5:29  Overseer  
  50  5:47  Queen  
  52  6:04  Drone  
  52  6:05  Drone x5  
  52  6:08  Hive  
  52  6:10  Spire  
  53  6:17  Roach x2  
  53  6:18  Roach  
  54  6:29  Roach x3  
  54  6:31  Glial Reconstitution  
  58  6:38  Queen  
  57  6:40  Queen  
  53  6:49  Roach x4  
  47  7:01  Drone x2  
  47  7:02  Drone x3  
  52  7:11  Drone  
  53  7:17  Zergling x2  
  53  7:18  Zergling x8  
  58  7:22  Greater Spire  
  58  7:29  Overlord x2  
  56  7:53  Spore Crawler  
  56  7:56  Roach  
  56  7:57  Roach x7  
  56  7:58  Corruptor  
  73  8:01  Overlord x2  
  65  8:29  Overseer  
  65  8:31  Queen  
  65  8:34  Queen x2  
  65  8:40  Corruptor x2  
  63  9:07  Drone, Queen  
  63  9:08  Drone x6  
  63  9:09  Drone x3  
  76  9:10  Drone x3  
  78  9:24  Overlord  
  75  9:41  Overlord x2  
  75  9:44  Brood Lord x3  
Tags
 
Add a new tag
Caveats
  • Supply blocks, unpowered buildings, or Contaminate may cause inaccurate times.
  • Supply counts are checked every 10 seconds.